Map: 2000 Atmospheres LE

Players

SpeCial

  • Race: Terran Terran
  • League: Master

Bunny - Winner!

  • Race: Terran Terran
  • League: Bronze

Event: DreamHack SC2 Masters 2021 Fall

VOD

Have the link to the VOD?

Description

Time

  • Played on: Sept. 8, 2021, 10:15 a.m.
  • Length: 9:00

All games in this series

Show
View Real Time Build Order
Export as new Build Order

SpeCial Terran 

Build Orders: Gas First Reaper Expand, Mech, Banshee Rush 

Get SALT Encoding   

  12  0:00  SCV  
  13  0:12  SCV  
  14  0:17  Supply Depot  
  14  0:24  SCV  
  14  0:27  Refinery  
  15  0:38  SCV  
  16  0:43  Barracks  
  16  0:50  SCV  
  17  1:03  SCV  
  18  1:15  SCV  
  19  1:30  Reaper, Orbital Command  
  20  1:41  Command Center  
  20  1:52  Factory  
  20  1:56  SCV  
  21  2:02  Marine  
  21  2:07  Supply Depot  
  22  2:09  SCV  
  22  2:15  Refinery  
  23  2:28  Marine, SCV  
  25  2:36  Hellion  
  27  2:37  Starport  
  27  2:40  SCV  
  28  2:46  Marine  
  29  2:53  SCV  
  29  2:57  Orbital Command  
  30  3:00  Widow Mine  
  30  3:05  SCV, Barracks Tech Lab  
  32  3:22  SCV, Hellion  
  32  3:23  SCV  
  36  3:30  Banshee, Barracks Tech Lab  
  36  3:33  Refinery  
  39  3:34  SCV  
  39  3:35  SCV  
  39  3:39  Supply Depot  
  41  3:46  SCV  
  41  3:47  SCV  
  43  3:51  Cloaking Field  
  43  3:58  SCV  
  43  3:59  SCV  
  43  4:01  Cyclone  
  48  4:11  SCV x2  
  48  4:13  Banshee  
  53  4:23  SCV x2  
  52  4:31  Mag-Field Accelerator  
  52  4:32  Command Center  
  52  4:35  SCV x2, Supply Depot  
  54  4:40  Cyclone  
  57  4:47  SCV x2  
  59  4:54  Refinery  
  59  4:59  Supply Depot, SCV  
  60  5:00  Banshee  
  63  5:07  SCV  
  63  5:11  SCV  
  63  5:12  Cyclone  
  68  5:14  Hyperflight Rotors  
  68  5:20  SCV  
  69  5:23  SCV  
  70  5:32  SCV  
  71  5:35  SCV  
  71  5:38  Barracks Reactor, Factory  
  71  5:39  Factory  
  72  5:44  SCV  
  72  5:47  Cyclone  
  72  5:48  SCV  
  77  5:56  SCV  
  79  5:58  Banshee  
  79  6:01  Orbital Command  
  79  6:02  SCV  
  82  6:06  Supply Depot  
  82  6:07  Engineering Bay  
  82  6:08  SCV  
  83  6:14  SCV  
  81  6:20  SCV  
  82  6:26  SCV  
  82  6:28  SCV  
  82  6:30  Cyclone  
  82  6:32  SCV, Factory Tech Lab  
  88  6:37  Missile Turret  
  88  6:38  SCV  
  89  6:40  SCV, Missile Turret  
  89  6:41  Banshee  
  89  6:44  SCV  
  93  6:50  SCV  
  93  6:52  SCV  
  95  6:56  SCV  
  95  6:58  Hellion, Siege Tank  
  100  7:02  SCV  
  100  7:04  SCV  
  100  7:05  Supply Depot  
  100  7:06  Supply Depot, Hellion  
  100  7:08  SCV  
  100  7:13  Siege Tank  
  101  7:18  SCV x2  
  101  7:21  SCV  
  98  7:24  Banshee  
  98  7:27  Hellion  
  98  7:28  Hellion  
  104  7:30  SCV x2, Cyclone  
  104  7:33  SCV  
  101  7:42  SCV x2  
  99  7:45  SCV  
  99  7:48  Hellion  
  99  7:49  Hellion  
  92  7:54  SCV x2  
  92  7:57  SCV  
  88  8:06  SCV x2  
  88  8:11  Hellion x2, Cyclone  
  97  8:19  SCV  
  94  8:27  Armory  
  94  8:29  SCV  
  97  8:34  Hellion x2  
  91  8:43  SCV  
  91  8:44  SCV  
  91  8:46  SCV  
  91  8:48  Refinery  
  91  8:49  Refinery  
  91  8:52  Engineering Bay  
Show
View Real Time Build Order
Export as new Build Order

Bunny Terran - Winner!

Build Orders:  

Get SALT Encoding   

  12  0:00  SCV  
  13  0:12  SCV  
  14  0:17  Supply Depot  
  14  0:24  SCV  
  15  0:39  SCV, Barracks  
  16  0:43  Refinery  
  16  0:51  SCV  
  16  0:52  Refinery  
  17  1:03  SCV  
  18  1:15  SCV  
  19  1:26  Reaper  
  19  1:27  Supply Depot, Orbital Command  
  20  1:41  Factory  
  20  1:52  SCV  
  21  1:59  Reaper  
  22  2:04  SCV  
  23  2:16  SCV  
  23  2:21  Command Center  
  24  2:27  Hellion  
  24  2:28  SCV  
  27  2:32  Barracks Reactor  
  27  2:39  Supply Depot  
  27  2:41  SCV  
  28  2:53  Starport  
  28  2:55  Factory Tech Lab  
  28  2:56  SCV  
  29  3:08  SCV  
  30  3:16  Cyclone  
  30  3:18  Marine x2  
  35  3:20  SCV  
  36  3:30  Starport Tech Lab  
  36  3:32  SCV  
  36  3:33  Orbital Command  
  37  3:35  Marine, Refinery  
  37  3:37  Marine  
  39  3:44  SCV  
  40  3:49  Raven  
  40  3:53  Marine  
  40  3:55  Marine  
  43  3:56  SCV  
  43  3:59  SCV  
  43  4:02  Supply Depot  
  46  4:03  Siege Tank  
  46  4:09  SCV  
  50  4:12  SCV  
  50  4:13  Marine x2  
  53  4:21  SCV  
  52  4:24  SCV  
  53  4:32  Command Center  
  53  4:33  SCV, Raven  
  53  4:36  SCV  
  57  4:39  Refinery  
  59  4:46  Supply Depot  
  59  4:47  SCV  
  59  4:48  SCV  
  61  4:54  Supply Depot, Siege Tank  
  62  5:06  Supply Depot  
  62  5:07  Marine x2, SCV x2  
  66  5:16  Supply Depot  
  66  5:19  SCV x2  
  68  5:28  Siege Tank  
  71  5:29  Viking x2  
  71  5:31  SCV x2  
  71  5:34  Marine, Stimpack  
  78  5:39  Supply Depot  
  77  5:43  SCV  
  77  5:44  SCV  
  77  5:47  Orbital Command  
  79  5:56  Marine  
  80  5:59  Viking x2  
  80  6:00  Siege Tank  
  80  6:02  SCV x2  
  89  6:14  Marine  
  89  6:16  Orbital Command  
  89  6:18  SCV x2  
  88  6:27  Barracks  
  88  6:29  Viking x2  
  88  6:30  Barracks  
  88  6:32  Marine  
  93  6:33  Siege Tank  
  93  6:35  SCV x2  
  98  6:44  SCV  
  98  6:47  SCV x2  
  99  6:56  Marine  
  99  6:57  SCV, Engineering Bay x2  
  99  6:59  SCV  
  99  7:00  SCV  
  103  7:05  Viking, Siege Tank  
  103  7:07  Viking  
  110  7:15  Barracks Reactor  
  110  7:21  Barracks Tech Lab  
  105  7:22  SCV  
  105  7:23  SCV x2, Missile Turret  
  105  7:25  Missile Turret x2  
  107  7:37  Viking x2  
  102  7:41  Siege Tank  
  104  7:46  Marauder x2  
  100  7:54  SCV x3  
  100  7:57  Marine x2  
  104  8:00  Concussive Shells  
  104  8:01  Missile Turret  
  104  8:08  Viking x2  
  104  8:12  SCV x3  
  103  8:16  Siege Tank  
  104  8:21  Marauder  
  104  8:22  Marine, Marauder  
  104  8:26  SCV  
  105  8:47  SCV x3, Barracks x2  
  112  8:50  Refinery x2  

Tags
 
Add a new tag
Caveats
  • Supply blocks, unpowered buildings, or Contaminate may cause inaccurate times.
  • Supply counts are checked every 10 seconds.